 Dungeon Crawl Stone Soup version 0.17.1-1-g73c8601 (webtiles) character file.

144 JustSomeDude the Insei (level 5, -1/41 HPs)
             Began as a Demonspawn Monk on Dec 29, 2015.
             Slain by an orc
             ... wielding a +0 whip
              (4 damage)
             ... on level 3 of the Dungeon.
             The game lasted 00:02:28 (2093 turns).

JustSomeDude the Insei (Demonspawn Monk)            Turns: 2093, Time: 00:02:28

Health: -1/41      AC:  6    Str: 12    XL:     5   Next: 5%
Magic:  5/5        EV: 14    Int: 11    God:
Gold:   74         SH:  0    Dex: 15    Spells: 0 memorised, 4 levels left

rFire  . . .     SeeInvis .       - Unarmed
rCold  . . .     Clarity  .     l - +0 robe (curse)
rNeg   . . .     SustAt   .     (no shield)
rPois  .         Gourm    .     (no helmet)
rElec  .         Spirit   .     (no cloak)
rCorr  .         Warding  .     (no gloves)
rMut   .         Stasis   .     (no boots)
MR     .....                    (no amulet)
Stlth  ++........               (no ring)
                                (no ring)

@: not resistant to hostile enchantments, unstealthy
A: rough black scales 1
a: no special abilities


You were on level 3 of the Dungeon.
You were full.

You visited 1 branch of the dungeon, and saw 3 of its levels.

You collected 74 gold pieces.

Inventory:

Armour
 a - a +0 robe
 l - a cursed +0 robe (worn)
Jewellery
 c - a cursed ring of teleportation {unknown}
 g - an uncursed amulet of warding {unknown}
Scrolls
 d - a scroll of noise {unknown}
 h - a scroll of blinking
 j - a scroll of identify {unknown}
Potions
 e - a potion of flight {unknown}
 f - 2 potions of curing {unknown}
 k - a potion of brilliance {unknown}
 m - a potion of might {unknown}
Comestibles
 b - a bread ration
 i - a meat ration


   Skills:
 + Level 3.5 Fighting
 + Level 3.7 Dodging
 + Level 2.3 Stealth
 + Level 4.6 Unarmed Combat


You had 4 spell levels left.
You didn't know any spells.

Dungeon Overview and Level Annotations

Branches:
Dungeon (3/15)

Altars:
Elyvilon
Nemelex Xobeh
The Shining One


Innate Abilities, Weirdness & Mutations

You are partially covered in rough black scales (AC +4, Dex -1).


Message History

You hit something.
Reactivating autopickup.
You feel a bit more experienced. The orc hits you with a whip.
* * * LOW HITPOINT WARNING * * *
You hit the orc priest.
The orc priest is moderately wounded.
The orc barely misses you. The orc priest hits you with a whip.
* * * LOW HITPOINT WARNING * * *
You hit the orc priest.
The orc priest is almost dead.
The orc barely misses you. The orc priest hits you with a whip.
* * * LOW HITPOINT WARNING * * *
You barely miss the orc priest.
The orc priest is severely wounded.
The orc priest completely misses you.
You hit the orc priest.
You kill the orc priest!
You have reached level 5!
The orc hits you with a whip.
You die...

###...# #.# #
#.########.##
###........#..##
#..)....##.#...#
'..............# #####+##
#.....##...##..###......#
'....####.####..##......#
#...##..#'#..##.##o.....#
#...##.......##.@)o.....#
###..##.._..##.o###+##+#..
......##...##..##
#####..##.##...
#...###.... ###+#........
#.[...#......
#...†.#...... +.....+
.....


You could see 3 orcs.

Vanquished Creatures
  Ijyb (D:2)
  An orc priest (D:3)
  An orc wizard (D:3)
  4 adders
  6 bats
  2 giant cockroaches
  4 hobgoblins
  5 kobolds
  2 giant newts (D:2)
  6 goblins
  5 rats
37 creatures vanquished.

Notes
Turn   | Place    | Note
--------------------------------------------------------------
     0 | D:1      | JustSomeDude the Demonspawn Monk began the quest for the Orb.
     0 | D:1      | Reached XP level 1. HP: 18/18 MP: 1/1
   213 | D:1      | Gained mutation: You are partially covered in rough black scales (AC +4, Dex -1). [demonic ancestry]
   213 | D:1      | Reached XP level 2. HP: 22/24 MP: 2/2
   607 | D:1      | Reached skill level 4 in Unarmed Combat
   706 | D:1      | Found a sparkling altar of Nemelex Xobeh.
   997 | D:1      | Reached XP level 3. HP: 29/29 MP: 3/3
  1228 | D:2      | Found a white marble altar of Elyvilon.
  1374 | D:2      | Noticed Ijyb
  1388 | D:2      | Killed Ijyb
  1388 | D:2      | Reached XP level 4. HP: 24/35 MP: 4/4
  1599 | D:2      | Found a glowing golden altar of the Shining One.
  2061 | D:3      | Found a sparkling altar of Nemelex Xobeh.
  2093 | D:3      | Reached XP level 5. HP: 3/41 MP: 5/5
  2093 | D:3      | Slain by an orc

Action                   |  1- 3 |  4- 6 || total
-------------------------+-------+-------++-------
Melee: Unarmed           |   115 |    49 ||   164
  Use: Scroll            |     3 |       ||     3
 Stab: Sleeping          |     5 |       ||     5
  Eat: Meat ration       |       |     1 ||     1
       Royal jelly       |       |     1 ||     1
       Beef jerky        |       |     1 ||     1
